 Dungeon Crawl Stone Soup version 0.30-a0-1163-gf69bf04e7a (webtiles) character file.

Game seed: 797017414213715441

29 Esekla the Sneak (level 3, 26/26 HPs)
             Began as an Octopode Delver on Apr 28, 2023.
             Quit the game in the Ecumenical Temple.
             The game lasted 00:00:57 (235 turns).

Esekla the Sneak (Octopode Delver)                   Turns: 235, Time: 00:00:58

Health: 26/26      AC:  1    Str: 11    XL:     3   Next: 16%
Magic:  3/3        EV: 13    Int: 14    God:
Gold:   22         SH:  0    Dex: 13    Spells: 3/3 levels left

rFire   . . .        a - +0 falchion
rCold   . . .        (no shield)
rNeg    . . .        (helmet restricted)
rPois   .            (no amulet)
rElec   .            (no ring)
rCorr   .            (no ring)
SInv    .            (no ring)
Will    .....        (no ring)
Stlth   ++++         (no ring)
HPRegen 0.24/turn    (no ring)
MPRegen 0.08/turn    (no ring)
                     (no ring)

%: no passive effects
@: no status effects
A: almost no armour, amphibious, 8 rings, camouflage 1, gelatinous body 1,
(nimble swimmer 1), tentacles
a: no special abilities


You were in the Ecumenical Temple.
You visited 2 branches of the dungeon, and saw 2 of its levels.

You collected 22 gold pieces.

Inventory:

Hand Weapons
 a - a +0 falchion (weapon)
 g - a +0 dagger
Wands
 f - a wand of digging (3)
Scrolls
 b - a scroll of fog
 d - a scroll of fear
Potions
 e - a potion of haste


   Skills:
 * Level 3.2 Fighting
 * Level 2.2 Long Blades
 * Level 2.2 Dodging
 + Level 7.2 Stealth
 * Level 0.6 Spellcasting


You had 3 spell levels left.
You didn't know any spells.
Your spell library was empty.

Dungeon Overview and Level Annotations

Branches:
Dungeon (5/15)             Temple (1/1) D:5

Altars:
Ashenzari
Cheibriados
Elyvilon
Fedhas
Makhleb
Nemelex Xobeh
Okawaru
Qazlal
Ru
Sif Muna
Vehumet
Wu Jian
Xom
Yredelemnul
Zin
The Shining One


Innate Abilities, Weirdness & Mutations

You cannot wear most types of armour.
You are amphibious.
You can wear up to eight rings at the same time.
Your skin changes colour to match your surroundings (Stealth+).
Your rubbery body absorbs attacks. (AC +1, EV +1)
((You are camouflaged when in or above water. (Stealth+)))
You have tentacles for arms and can constrict up to eight enemies at once.


Message History

The hound is almost dead.
You constrict the hound. The hound barely misses you. The hound misses you.
You hit the hound but do no damage.
The hound is almost dead.
You constrict the hound.
You kill the hound!
Your Stealth skill increases to level 7!
You have reached level 2!
You have reached level 3!
Your experience leads to an increase in your attributes!
Increase (S)trength, (I)ntelligence, or (D)exterity?
You feel clever. x2
Found 13 gold pieces.
You now have 22 gold pieces (gained 13).
As you open the door, it creaks loudly!
Found a staircase to the Ecumenical Temple.
There is an open door here.
You open the door.
There is an open door here.
There is a staircase to the Ecumenical Temple here.
You climb downwards.
Welcome to the Ecumenical Temple!
There is a staircase back to the Dungeon here.
There is a dry fountain here.
There is a dry fountain here.
There is a staircase back to the Dungeon here.
There is a dry fountain here.
Found a sacrificial altar of Ru and a snail-covered altar of Cheibriados.
Found three altars.
Found three altars.
Found a blossoming altar of Fedhas and a broken altar of Ashenzari.
Found a burning altar of Makhleb and a glowing golden altar of the Shining One.
Found a shimmering blue altar of Sif Muna.
Found a basalt altar of Yredelemnul.
Found an iron altar of Okawaru.
Found a sparkling altar of Nemelex Xobeh.
Why would you want to do that? Why would you want to do that?
You start waiting.
Done waiting.
Are you sure you want to abandon this character and quit the game? (Confirm with "yes".)

≈≈≈≈≈≈≈≈≈≈≈.≈≈≈≈≈≈≈≈...≈≈≈≈≈≈≈≈
≈≈≈≈≈≈≈≈≈≈≈≈..≈..≈≈≈≈≈≈≈≈≈≈≈≈≈≈
≈≈≈≈≈≈≈≈≈≈≈≈≈≈..≈..≈≈≈≈≈≈≈≈≈≈≈≈
≈≈≈≈≈≈≈≈...≈≈≈≈≈≈≈≈.≈≈≈≈≈≈≈≈≈≈≈
≈≈≈≈≈≈≈.≈≈≈.......≈≈.≈≈≈≈≈≈≈≈≈≈
≈≈≈≈≈≈≈.≈#≈≈≈≈≈≈≈≈.≈≈.≈≈≈≈≈≈≈≈≈
≈≈≈≈≈≈≈.≈≈≈......≈.≈≈.≈≈≈≈≈≈≈≈≈
≈≈≈≈≈≈≈≈...≈≈≈...≈≈..≈≈≈≈≈≈≈≈≈
≈≈≈≈≈≈≈≈≈≈≈≈≈..@..≈≈≈≈≈≈≈≈≈≈≈
≈≈≈≈≈≈≈≈......_._......≈≈≈≈≈≈
≈≈≈≈≈≈≈..._._....._._...≈≈≈≈≈
≈≈≈≈≈≈≈._....._._....._.≈≈≈≈≈
≈≈≈≈≈≈≈..._._....._._...≈≈≈≈≈
≈≈≈≈≈≈≈≈......_._......≈≈≈≈≈≈
≈≈≈≈≈≈≈≈≈≈≈≈.....≈≈≈≈≈≈≈≈≈≈
≈≈≈≈≈≈≈≈≈≈≈≈≈≈≈


There were no monsters in sight!

Vanquished Creatures
  A hound (D:5)
1 creature vanquished.

Notes
Turn   | Place    | Note
-------+----------+-------------------------------------------
     0 | D:5      | Esekla the Octopode Delver began the quest for the Orb.
     0 | D:5      | Reached XP level 1. HP: 16/16 MP: 1/1
    13 | D:5      | Noticed a hound
    22 | D:5      | Killed a hound
    23 | D:5      | Reached skill level 7 in Stealth
    23 | D:5      | Reached XP level 2. HP: 21/21 MP: 2/2
    23 | D:5      | Reached XP level 3. HP: 26/26 MP: 3/3
    34 | D:5      | Found a staircase to the Ecumenical Temple.
    42 | Temple   | Entered the Ecumenical Temple
   235 | Temple   | Quit the game

Illustrated notes

Levels and vault maps discovered:
D:5:      layout_loops_ring, minmay_temple_entry_glassed_door
Temple:   minmay_temple_bridge_d

Skill      XL: |  1 |
---------------+----+-----
Stealth        | 7 |  7.2
Fighting       | |  3.2
Long Blades    | |  2.2
Dodging        | |  2.2
Spellcasting   | |  0.6

Action                     || total
---------------------------++-------
  Melee: Falchion          ||     4
         Constrict         ||     1
         Tentacles         ||     1
    Use: Scroll            ||     1
  Dodge: Dodged            ||     6

Table legend: (Time is in decaauts)
 A = Elapsed time spent in this place.
 B = Non-inter-level travel time spent in this place.
 C = Inter-level travel time spent in this place.
 D = Time resting spent in this place.
 E = Time spent auto-exploring this place.
 F = Levels seen in this place.
 G = Mean time per level.
                   A        B        C        D        E       F      G
               +--------+--------+--------+--------+--------+-----+--------+
         Total |    235 |    235 |      0 |    100 |     74 |   2 |  117.5 |
       Dungeon |     42 |     42 |      0 |      0 |      0 |   1 |   42.0 |
        Temple |    192 |    192 |      0 |    100 |     74 |   1 |  192.0 |
               +--------+--------+--------+--------+--------+-----+--------+

Top non-repeatable levels by time:
  Temple: 192 daAuts
     D:5: 42 daAuts
